 Seeded DCSS version 0.29.1-15-g9cfb28693d (webtiles) character file.

Game seed: 12113030075061518348 (custom seed)

11636 Gelion the Destroyer (level 11, 0/84 HPs)
             Began as a Demonspawn Conjurer on Mar 12, 2023.
             Was an Initiate of Gozag.
             Killed from afar by an oklob plant (22 damage)
             ... with a splash of acid
             ... on level 1 of the Lair of Beasts.
             The game lasted 00:35:13 (11469 turns).

Gelion the Destroyer (Demonspawn Conjurer)         Turns: 11469, Time: 00:35:14

Health: 0/84       AC: -1    Str:  8    XL:     11   Next: 51%
Magic:  0/21       EV: 12    Int: 23    God:    Gozag
Gold:   830        SH:  0    Dex: 12    Spells: 10/24 levels left

rFire   . . .      SeeInvis .   i - +9 staff of Olgreb {rPois∞}
rCold   . . .      Faith    .   (no shield)
rNeg    . . .      Spirit   .   f - +2 robe {Will+}
rPois   ∞          Reflect  .   r - +1 helmet
rElec   +          Harm     .   (no cloak)
rCorr   .          Rampage  .   (no gloves)
Will    +....                   G - +0 pair of boots
Stlth   ++........              e - amulet of regeneration
HPRegen 1.04/turn               (no ring)
MPRegen 0.34/turn               (no ring)

@: corroded
A: thin metallic scales 3, powered by death 1, magic regeneration, demonic touch
2
a: Renounce Religion, Evoke the Staff of Olgreb, Potion Petition, Call Merchant,
Bribe Branch


You were on level 1 of the Lair of Beasts.
You worshipped Gozag.
Gozag was pleased with you.
You visited 3 branches of the dungeon, and saw 12 of its levels.

You collected 1468 gold pieces.
You paid 638 gold pieces to Gozag.

Inventory:

Hand Weapons
 i - the +9 staff of Olgreb (weapon) {rPois∞}
   (You acquired it on level 3 of the Dungeon)

   If the wielder is skilled in Evocations, they can envenom those struck by it,
   dealing poison damage which bypasses armour.
   It enhances your poison magic.
   It grants immunity to poison.
   It can be activated via the 'a'bility menu to radiate toxic energy, with
   effectiveness depending on Evocations skill.
Missiles
 g - 52 poisoned darts
 k - 12 datura-tipped darts
 o - 4 javelins
 B - a curare-tipped dart
Armour
 f - a +2 robe of willpower (worn)
 n - a +0 kite shield
 r - a +1 helmet (worn)
 G - a +0 pair of boots (worn)
Jewellery
 e - an amulet of regeneration (around neck)
 u - a ring of ice
Wands
 H - a wand of flame (16)
 J - a wand of polymorph (2)
Scrolls
 a - a scroll of poison
 c - 6 scrolls of teleportation
 q - 2 scrolls of amnesia
 w - a scroll of magic mapping
 y - a scroll of brand weapon {unknown}
 z - a scroll of butterflies {unknown}
 A - a scroll of enchant weapon
 C - a scroll of identify
 D - a scroll of noise {unknown}
 I - a scroll of blinking
Potions
 b - 2 potions of magic
 d - 3 potions of lignification
 h - 5 potions of curing
 j - a potion of flight
 l - a potion of resistance
 m - 2 potions of brilliance
 p - a potion of might
 s - 2 potions of mutation {unknown}
 t - 2 potions of heal wounds {unknown}
 v - a potion of degeneration {unknown}
 x - a potion of cancellation {unknown}
 E - 3 potions of attraction {unknown}
 F - 2 potions of ambrosia {unknown}


   Skills:
 + Level 7.3 Fighting
 + Level 5.9 Staves
 - Level 1.7 Dodging
 - Level 1.7 Stealth
 + Level 7.0 Spellcasting
 * Level 11.3 Conjurations
 + Level 5.6 Translocations
 + Level 5.0 Ice Magic
 + Level 2.0 Evocations


You had 10 spell levels left.
You knew the following spells:

 Your Spells              Type           Power      Damage    Failure   Level
a - Magic Dart            Conj           100%       1d8       1%          1
b - Searing Ray           Conj           100%       2d8       1%          2
c - Iskenderun's Mystic   Conj/Tloc      47%        2d10      2%          4
d - Frozen Ramparts       Ice            62%        1d10      2%          3
e - Fulminant Prism       Conj/Hex       17%        3d11      8%          4

Your spell library contained the following spells:

 Spells                   Type           Power      Damage    Failure   Level
 Dazzling Flash           Conj/Hex       68%        N/A       2%          3
 Ice Form                 Ice/Tmut       19%        N/A       26%         4
 Summon Ice Beast         Ice/Summ       19%        N/A       26%         4
 Agony                    Necr           8%         N/A       91%         5
 Silence                  Hex/Air        4%         N/A       91%         5


Dungeon Overview and Level Annotations

Branches:
Dungeon (10/15)            Temple (1/1) D:5            Lair (1/5) D:9
    Orc: D:9-12

Altars:
Ashenzari
Cheibriados
Dithmenos
Fedhas
Gozag
Hepliaklqana
Kikubaaqudgha
Makhleb
Nemelex Xobeh
Okawaru
Qazlal
Ru
Trog
Uskayaw
Vehumet
Wu Jian
Xom
Yredelemnul

Shops:
D:9 :

Annotations:
Lair:1 exclusion: oklob plant


Innate Abilities, Weirdness & Mutations

You are completely covered in thin metallic scales. (AC +4, rElec)
You regenerate a little health from kills.
You regenerate magic rapidly.
Your touch may inflict irresistible damage on your foes.


Message History

The searing ray hits the oklob plant but does no damage.
The oklob plant is moderately damaged.
The searing ray hits the oklob plant.
The oklob plant is heavily damaged.
The oklob plant spits acid at you. The splash of acid hits you!!
The acid corrodes you!
The searing ray hits the oklob plant.
The oklob plant is heavily damaged.
You finish channelling your searing ray.
Casting: Searing Ray (safe; 1% risk of failure)
Confirm with . or Enter, or press ? or * to list all spells.
You erupt in a blast of force!
The mystic blast hits the oklob plant!!
The oklob plant is almost destroyed.
Unknown command.
Casting: Iskenderun's Mystic Blast (dangerous; 2% risk of failure)
Confirm with . or Enter, or press ? or * to list all spells.
You erupt in a blast of force!
The mystic blast hits the oklob plant.
The oklob plant is almost destroyed.
The oklob plant spits acid at you. The splash of acid hits you!!
The acid corrodes you!
Casting: Iskenderun's Mystic Blast (dangerous; 2% risk of failure)
Confirm with . or Enter, or press ? or * to list all spells.
You don't have enough magic to cast this spell.
Casting: Iskenderun's Mystic Blast (dangerous; 2% risk of failure)
Confirm with . or Enter, or press ? or * to list all spells.
Aiming: Searing Ray (safe; 1% risk of failure)
Press: ? - help, Shift-Dir - straight line, f/p - oklob plant
Aim: an oklob plant (almost destroyed, 100% to hit)
The searing ray hits the oklob plant.
The oklob plant is almost destroyed. (Press . to maintain the ray.)
The oklob plant spits acid at you. The splash of acid hits you!
* * * LOW HITPOINT WARNING * * *
The searing ray hits the oklob plant.
The oklob plant is almost destroyed.
The oklob plant spits acid at you. The splash of acid hits you!!
You die...
Your body crumbles into a pile of gold.

....... ###.#.## .# ###P...
.##......# .# ##...
..#......# ..# #....
........##..# ##...
#..........# # #...
#.......#..+... ##...
#......_P......## ##.... #
#......@.......P###.P... #.
###..####...$...##......
#.####..##.#.$......#......
##.............$P$P.........
#.....$.....................
#...............$...........
##..##.###+##.$..####.......
#.>. ##.##+##.....#.#.......
##. #.....##........[.##...


You could see an oklob plant.

Vanquished Creatures
  Erica (D:8)
  A two-headed ogre (D:8)
  5 elephants
  2 cane toads (Lair:1)
  A kobold demonologist (D:10)
  2 komodo dragons
  A polar bear (Lair:1)
  A hornet (D:9)
  Prince Ribbit (D:6)
  Sigmund (D:4)
  A basilisk (Lair:1)
  7 yaks
  4 wyverns
  A wraith (D:9)
  2 steam dragons
  5 water moccasins
  4 sky beasts
  An ice beast (D:8)
  3 orc warriors
  3 ogres
  2 centaurs
  4 kobold brigands
  A phantom (D:5)
  3 bullfrogs
  2 necrophages
  7 scorpions
  9 wights
  10 killer bees
  2 howler monkeys (D:6)
  2 jellies
  4 hounds
  3 orc priests
  3 iguanas
  Terence (D:3)
  10 orc wizards
  Robin (D:4)
  4 gnolls (D:3)
  8 adders
  2 shadow imps
  2 white imps
  2 ufetubi
  A dart slug (D:2)
  21 orcs
  8 ball pythons
  7 bats
  6 endoplasms
  5 giant cockroaches
  18 goblins
  13 hobgoblins
  5 quokkas
  4 frilled lizards
  17 kobolds
  A rat (D:3)
235 creatures vanquished.

Vanquished Creatures (others)
  2 fulminant prisms (Lair:1)
  3 fungi (Lair:1)
  35 plants
40 creatures vanquished.

Grand Total: 275 creatures vanquished

Notes
Turn   | Place    | Note
-------+----------+-------------------------------------------
     0 | D:1      | Gelion the Demonspawn Conjurer began the quest for the Orb.
     0 | D:1      | Reached XP level 1. HP: 13/13 MP: 3/3
   319 | D:1      | Gained mutation: You are partially covered in thin metallic
                  | scales. (AC +2) [demonic ancestry]
   319 | D:1      | Reached XP level 2. HP: 19/20 MP: 0/5
   747 | D:1      | Reached skill level 1 in Fighting
   873 | D:1      | Gained mutation: You are mostly covered in thin metallic
                  | scales. (AC +3) [demonic ancestry]
   873 | D:1      | Reached XP level 3. HP: 26/26 MP: 2/6
   954 | D:1      | Found a faded altar of an unknown god.
  1169 | D:3      | Identified a scroll of acquirement
  1169 | D:3      | Acquired the +9 staff of Olgreb {rPois∞}
  1169 | D:3      | Found the +9 staff of Olgreb {rPois∞}
  1537 | D:2      | Learned a level 2 spell: Searing Ray
  1538 | D:2      | Gained mutation: Your touch may inflict minor irresistible
                  | damage on your foes. [demonic ancestry]
  1538 | D:2      | Reached XP level 4. HP: 32/32 MP: 5/7
  1623 | D:3      | Reached skill level 5 in Conjurations
  2543 | D:3      | Noticed Terence
  2559 | D:3      | Killed Terence
  2560 | D:3      | Reached XP level 5. HP: 6/38 MP: 0/9
  3161 | D:4      | Noticed Robin
  3372 | D:4      | Noticed Sigmund
  3417 | D:4      | Killed Robin
  4144 | D:4      | Gained mutation: You regenerate a little health from kills.
                  | [demonic ancestry]
  4144 | D:4      | Reached XP level 6. HP: 33/46 MP: 0/11
  4287 | D:4      | Identified the +10 mace of Destiny {antimagic, rF+ rC-
                  | Dex+6}
  4334 | D:4      | Reached skill level 6 in Conjurations
  4694 | D:4      | Killed Sigmund
  4695 | D:4      | Reached skill level 1 in Staves
  4695 | D:4      | Gained mutation: You regenerate magic rapidly. [demonic
                  | ancestry]
  4695 | D:4      | Reached XP level 7. HP: 52/52 MP: 5/12
  4854 | D:5      | Entered Level 5 of the Dungeon
  4867 | D:5      | Learned a level 4 spell: Iskenderun's Mystic Blast
  4960 | D:5      | Reached skill level 7 in Conjurations
  5015 | D:5      | Reached skill level 1 in Translocations
  5062 | D:5      | Reached XP level 8. HP: 52/60 MP: 2/14
  5435 | D:5      | Found a staircase to the Ecumenical Temple.
  5541 | D:5      | Learned a level 3 spell: Frozen Ramparts
  5668 | D:6      | Noticed Prince Ribbit
  5673 | D:6      | Killed Prince Ribbit
  5674 | D:6      | Reached skill level 8 in Conjurations
  5751 | D:6      | Reached skill level 1 in Ice Magic
  5870 | D:6      | Reached skill level 5 in Spellcasting
  5927 | D:6      | Identified the amulet of the Skies Above {Faith rC+ Int-4
                  | Stlth+}
  6000 | D:6      | Reached skill level 5 in Fighting
  6000 | D:6      | Gained mutation: You are completely covered in thin
                  | metallic scales. (AC +4, rElec) [demonic ancestry]
  6000 | D:6      | Reached XP level 9. HP: 68/68 MP: 9/16
  6327 | Temple   | Entered the Ecumenical Temple
  6458 | Temple   | Became a worshipper of Gozag Ym Sagoz the Greedy
  6611 | D:7      | You fall into a shaft and drop 3 floors!
  6611 | D:10     | Entered Level 10 of the Dungeon
  6613 | D:10     | Noticed a kobold demonologist
  6622 | D:10     | Noticed an orange demon
  6627 | D:10     | Noticed an orange demon
  6627 | D:10     | Killed a kobold demonologist
  6655 | D:10     | Identified the +6 plate armour of Sin {Regen+}
  6855 | D:10     | Found the +18 Lear's hauberk
  6936 | D:8      | Noticed a two-headed ogre
  6986 | D:7      | Reached skill level 9 in Conjurations
  7402 | D:7      | Reached XP level 10. HP: 76/76 MP: 13/18
  8166 | D:8      | Killed a two-headed ogre
  8236 | D:8      | Reached skill level 10 in Conjurations
  8501 | D:8      | Noticed Erica
  8556 | D:8      | Killed Erica
  8557 | D:8      | Reached skill level 5 in Staves
  9323 | D:9      | Found a radiant altar of Vehumet.
  9612 | D:9      | Found a staircase to the Lair.
  9631 | D:9      | Reached skill level 5 in Translocations
  9700 | D:9      | Gained mutation: Your touch may inflict irresistible damage
                  | on your foes. [demonic ancestry]
  9700 | D:9      | Reached XP level 11. HP: 72/83 MP: 5/20
 10408 | Lair:1   | Entered Level 1 of the Lair of Beasts
 10820 | Lair:1   | Reached skill level 1 in Evocations
 10856 | D:9      | Reached skill level 11 in Conjurations
 11202 | Lair:1   | Reached skill level 5 in Ice Magic
 11364 | Lair:1   | Found a snail-covered altar of Cheibriados.
 11364 | Lair:1   | Noticed an oklob plant
 11418 | Lair:1   | Learned a level 4 spell: Fulminant Prism
 11469 | Lair:1   | Killed from afar by an oklob plant

Illustrated notes

Levels and vault maps discovered:
D:1:      amcnicky_arrival_flooded_fountain, layout_rooms,
          shapermc_ecumenical_altar_venn
D:2:      layout_basic, basic_altar
D:3:      layout_rooms, serial_bayou, serial_bayou_lake_a, serial_bayou_pond_b,
          serial_bayou_pond_e, serial_bayou_pond_c, serial_bayou_crossing,
          uniq_terence
D:4:      minmay_door_path, layout_gridville, uniq_sigmund, uniq_robin
D:5:      layout_cave_pools, minmay_temple_entry_hall,
          chequers_serial_rivers_small_b, reono_crystal_passage
D:6:      layout_rooms, uniq_prince_ribbit1
D:7:      layout_gridville
D:8:      layout_layer_cave, uniq_erica
D:9:      layout_layer_cave, mainiacjoe_overflow_catwalk, david_lair_shrubbed,
          st_stairs_12
D:10:     layout_irregular_city, lemuel_blue_sif_altar, uniq_snorg
Temple:   nicolae_temple_slightly_damp_pantheon
Lair:1:   layout_regular_city, nicolae_lair_grove_arrangements,
          columned_hall_lemuel, lemuel_oklob_altar, infiniplex_staircase_pool,
          lemuel_fruit_fields

Skill      XL: |  1  2  3  4  5  6  7  8  9 10 11 |
---------------+----------------------------------+-----
Fighting       | 1 2 3 4 5 6 7 |  7.3
Conjurations   | 5 6 7 8 9 10 11 | 11.3
Spellcasting   | 3 4 5 6 7 |  7.0
Staves         | 1 2 3 4 5 |  5.9
Translocations | 1 2 4 5 |  5.6
Ice Magic      | 1 3 4 5 |  5.0
Evocations     | 2 |  2.0
Dodging        | |  1.7
Stealth        | |  1.7

Action                   |  1- 3 |  4- 6 |  7- 9 | 10-12 || total
-------------------------+-------+-------+-------+-------++-------
Melee: Unarmed           |     5 |       |       |       ||     5
       Short sword       |    12 |       |       |       ||    12
       Staff             |     3 |     9 |    18 |    43 ||    73
       Touch             |       |     1 |     3 |    12 ||    16
       Punch             |       |       |       |     4 ||     4
 Cast: Magic Dart        |    70 |   118 |   116 |   100 ||   404
       Searing Ray       |       |     9 |    43 |    59 ||   111
       Iskenderun's Myst |       |       |     5 |    56 ||    61
       Fulminant Prism   |       |       |       |     2 ||     2
Invok: Call Merchant     |       |       |       |     1 ||     1
  Use: Scroll            |     1 |       |     8 |       ||     9
       Potion            |       |     4 |       |       ||     4
Armor: Robe              |     4 |     9 |    34 |    55 ||   102
       Skin              |       |     2 |       |       ||     2
Dodge: Dodged            |     9 |    29 |    51 |    98 ||   187
